AoeStats
← dean03110206

Arena

506074946Analyzed
4v4 RM · 19d ago on Sep 12, 2026· 77m 47s· 8 players
Game mode
Random Map
Map size
Large (8 player)
Population
200
Speed
Normal
Resources
Standard
Victory
Conquest
Starting age
Dark Age
Ending age
Imperial Age
RankedLock teamsTeams togetherTeam positionsShared explorationLock speedFull tech treeHidden civsTurbo modeCheats
Victory
Defeat
🇨🇴 Saracens · Colombia
1057
+15
🇲🇽 Huns · Mexico
1004
+17
🇨🇿 Bohemians · Czechia
981
+17
🇫🇷 Tupi · France
975
+18
🇹🇼 Celts · Taiwan
1042
-18
🇨🇳 Koreans · China
1033
-17
🇫🇷 Hindustanis · France
1009
-16
🇨🇳 Mongols · China
1005
-16
LeeFvn
6:12 Loom
12:26 Feudal Age
17:59 Castle Age
16:40 Double-Bit Axe
21:21 Horse Collar
25:06 Bow Saw
25:51 Wheelbarrow
25:56 Stone Mining
27:03 Heavy Plow
26:58 Fletching
27:41 Gold Mining
28:29 Stone Shaft Mining
32:10 Imperial Age
30:03 Hand Cart
30:41 Fortified Wall
31:23 Thumb Ring
32:18 Capped Ram
33:24 Conscription
32:35 Onager
34:13 Bodkin Arrow
35:31 Gold Shaft Mining
35:24 Siege Ram
37:33 Padded Archer Armor
44:30 Nomads
53:11 Elite Skirmisher
59:24 Leather Archer Armor
60:14 Drill
61:43 Bracer
63:35 Elite Mangudai
67:39 Scale Barding Armor
67:47 Forging
68:06 Pikeman
69:16 Chain Barding Armor
dean03110206
0:28 Loom
13:12 Feudal Age
17:59 Castle Age
16:31 Double-Bit Axe
16:28 Horse Collar
18:44 Wheelbarrow
25:03 Hand Cart
27:39 Fortified Wall
30:53 Imperial Age
28:06 Pikeman
29:01 Stone Mining
29:02 Gold Mining
29:24 Masonry
33:16 Chemistry
31:38 Capped Ram
32:12 Halberdier
32:43 Siege Ram
34:04 Heavy Scorpion
37:49 Onager
39:57 Siege Engineers
41:52 Scale Mail Armor
42:02 Forging
43:35 Bow Saw
44:12 Furor Celtica
43:56 Stronghold
44:27 Conscription
47:41 Chain Mail Armor
48:01 Iron Casting
50:12 Padded Archer Armor
50:03 Fletching
51:13 Blast Furnace
51:40 Plate Mail Armor
52:30 Elite Skirmisher
57:15 Bodkin Arrow
62:53 Man-at-Arms
65:12 Leather Archer Armor
Syrus637
10:23 Feudal Age
14:59 Castle Age
13:23 Double-Bit Axe
16:23 Wheelbarrow
16:11 Horse Collar
16:46 Bow Saw
19:51 Loom
21:07 Scale Barding Armor
26:46 Hand Cart
26:20 Town Watch
26:57 Heavy Plow
29:10 Husbandry
29:21 Bloodlines
31:47 Imperial Age
34:10 Chemistry
34:16 Conscription
34:44 Scale Mail Armor
34:54 Forging
35:17 Heavy Camel Rider
37:59 Imperial Camel Rider
40:31 Chain Barding Armor
41:49 Two-Man Saw
46:37 Plate Barding Armor
56:16 Iron Casting
小7
9:28 Feudal Age
16:08 Castle Age
15:19 Double-Bit Axe
21:18 Bow Saw
22:22 Horse Collar
29:55 Fletching
30:16 Forging
32:06 Bodkin Arrow
32:47 Iron Casting
33:37 Masonry
36:15 Imperial Age
33:33 Loom
35:42 Wheelbarrow
35:18 Eupseong
36:00 Ballistics
36:04 Heavy Plow
37:44 Conscription
37:46 Shinkichon
39:49 Fortified Wall
40:51 Squires
40:11 Pikeman
42:40 Arrowslits
43:56 Chemistry
42:52 Murder Holes
44:00 Halberdier
44:45 Scale Mail Armor
48:56 Chain Mail Armor
48:42 Bracer
Ratchet2krox
12:01 Feudal Age
15:37 Castle Age
13:22 Horse Collar
14:01 Double-Bit Axe
14:36 Gold Mining
15:44 Stone Mining
18:41 Bow Saw
18:34 Loom
24:25 Wheelbarrow
26:08 Hand Cart
27:52 Gold Shaft Mining
27:18 Heavy Plow
31:43 Imperial Age
29:24 Forging
29:46 Scale Barding Armor
30:56 Iron Casting
30:35 Marauders
31:20 Husbandry
31:31 Bloodlines
32:06 Chain Barding Armor
31:43 Elite Tarkan
32:44 Conscription
33:26 Blast Furnace
33:48 Two-Man Saw
35:30 Plate Barding Armor
41:31 Padded Archer Armor
41:22 Fletching
42:35 Parthian Tactics
42:34 Leather Archer Armor
42:54 Bodkin Arrow
43:02 Heavy Cavalry Archer
43:48 Thumb Ring
44:46 Chemistry
44:06 Ballistics
46:24 Bracer
61:16 Light Cavalry
62:18 Caravan
62:49 Coinage
62:30 Guilds
63:57 Scale Mail Armor
65:02 Banking
67:03 Chain Mail Armor
BloK
11:21 Feudal Age
15:57 Castle Age
19:22 Double-Bit Axe
21:10 Bow Saw
20:45 Horse Collar
21:45 Wheelbarrow
22:51 Hand Cart
23:43 Heavy Plow
26:35 Gold Mining
26:35 Stone Mining
30:18 Imperial Age
29:44 Scale Barding Armor
29:51 Forging
30:29 Loom
31:57 Elite Mameluke
33:46 Iron Casting
33:33 Chain Barding Armor
33:04 Fletching
35:59 Conscription
36:49 Heavy Camel Rider
39:05 Plate Barding Armor
39:30 Blast Furnace
39:37 Bodkin Arrow
40:51 Husbandry
42:48 Gold Shaft Mining
41:41 Elite Skirmisher
43:22 Padded Archer Armor
44:33 Bracer
44:48 Leather Archer Armor
45:40 Chemistry
45:01 Ballistics
45:07 Thumb Ring
46:41 Siege Engineers
46:33 Town Watch
48:28 Capped Ram
49:59 Ring Archer Armor
51:40 Town Patrol
51:45 Scale Mail Armor
52:06 Counterweights
56:20 Siege Ram
61:56 Bloodlines
61:08 Light Cavalry
61:13 Crossbowman
61:18 Onager
65:52 Chain Mail Armor
66:48 Two-Man Saw
76:03 Murder Holes
76:46 Plate Mail Armor
76:19 Caravan
76:50 Coinage
77:04 Bimaristan
[CH-FR]Frog
10:42 Feudal Age
12:18 Wheelbarrow
11:31 Double-Bit Axe
11:44 Horse Collar
13:09 Gold Mining
14:39 Stone Mining
15:30 Champi Runner
20:19 Forging
20:01 Fletching
20:14 Padded Archer Armor
20:16 Scale Mail Armor
21:46 Town Watch
24:50 Castle Age
25:09 Pikeman
26:00 Squires
28:58 Bodkin Arrow
33:09 Caciques
32:55 Champi Warrior
34:31 Hand Cart
34:40 Leather Archer Armor
35:30 Bow Saw
37:07 Chain Mail Armor
37:27 Iron Casting
37:13 Caravan
40:08 Heavy Plow
46:00 Ballistics
52:55 Imperial Age
50:22 Treadmill Crane
59:22 Imperial Age
60:21 Gold Shaft Mining
60:34 Conscription
60:28 Bracer
63:23 Chemistry
64:16 Elite Blackwood Archer
68:33 Ring Archer Armor
69:58 Curare
71:11 Elite Champi Warrior
75:06 Plate Mail Armor
PRDzBRD
0:29 Loom
10:11 Feudal Age
11:05 Double-Bit Axe
18:46 Castle Age
17:03 Horse Collar
17:59 Town Watch
20:29 Wheelbarrow
19:54 Town Patrol
20:39 Bow Saw
21:25 Heavy Plow
22:44 Fletching
26:51 Chemistry
29:12 Imperial Age
29:35 Chemistry
29:28 Ballistics
31:53 Hand Cart
33:18 Pikeman
33:19 Man-at-Arms
34:00 Squires
33:45 Arson
37:37 Conscription
38:34 Masonry
38:52 Long Swordsman
51:31 Two-Handed Swordsman
53:07 Murder Holes
55:07 Architecture
54:48 Fortified Wall
59:47 Guilds
60:59 Siege Engineers
63:17 Houfnice
64:11 Treadmill Crane
68:10 Elite Skirmisher
73:00 Heavy Scorpion
77:41 Caravan
Connection lost

Rejoining the realm…

Still unreachable

The connection could not be restored.

Session expired

The server has moved on; the page needs a fresh start.